 Dungeon Crawl Stone Soup version 0.31-a0-150-g89dc3ad700 (webtiles) character file.

Game seed: 11957192100180591925

1780 qw the Skirmisher (level 8, 0/73 HPs)
             Began as a Minotaur Hunter on June 8, 2023.
             Was a Follower of Okawaru.
             Slain by a hornet (12 damage)
             ... on level 7 of the Dungeon.
             The game lasted 00:02:00 (5803 turns).

qw the Skirmisher (Minotaur Hunter)                 Turns: 5803, Time: 00:02:00

Health: 0/73       AC:  4    Str: 17    XL:     8   Next: 81%
Magic:  8/10       EV: 16    Int:  6    God:    Okawaru [*.....]
Gold:   354        SH:  0    Dex: 15    Spells: 7/7 levels left

rFire   . . .        Y - +1 shortbow
rCold   + . .        (shield currently unavailable)
rNeg    . . .        q - +1 leather armour {rPois}
rPois   +            (helmet restricted)
rElec   .            (no cloak)
rCorr   .            (no gloves)
SInv    .            (no boots)
Will    .....        (no amulet)
Stlth   +++          i - ring of protection from cold
HPRegen 0.32/turn    (no ring)
MPRegen 0.12/turn

%: no passive effects
@: lethally poisoned (0 -> -3), about to teleport, heroic, slowed, very slow
A: horns 2, retaliatory headbutt
a: Renounce Religion, Heroism


You were on level 7 of the Dungeon.
You worshipped Okawaru.
Okawaru was aware of your devotion.
You visited 2 branches of the dungeon, and saw 8 of its levels.

You collected 354 gold pieces.


Innate Abilities, Weirdness & Mutations

You have a pair of horns on your head.
You reflexively headbutt those who attack you in melee.


   Skills:
 - Level 7.0(12.0) Fighting
 + Level 10.0(15.0) Ranged Weapons
 - Level 1.0(6.0) Armour
 - Level 4.1(9.1) Dodging
 - Level 0.7(5.7) Stealth
 - Level 4.2 Invocations


You had 7 spell levels left.
You didn't know any spells.
Your spell library was empty.

Inventory:

Hand Weapons
 Y - a +1 shortbow (weapon)
Armour
 b - the +5 ring mail of Leaves {-Tele Drain rElec rPois}
   (You found it on level 3 of the Dungeon)

   rElec:     It insulates you from electricity.
   rPois:     It protects you from poison.
   -Tele:     It prevents most forms of teleportation.
   Drain:     It drains your maximum health when unequipped.
 k - a +1 robe of fire resistance
 q - a +1 leather armour of poison resistance (worn)
 r - a +0 leather armour of cold resistance
Jewellery
 i - a ring of protection from cold (left hand)
Scrolls
 a - a scroll of identify
 c - a scroll of teleportation
 s - a scroll of noise {unknown}
Potions
 d - 2 potions of heal wounds
 e - a potion of berserk rage {unknown}
 f - a potion of cancellation {unknown}
 g - 5 potions of curing
 h - a potion of haste {unknown}
 j - a potion of resistance {unknown}
 l - a potion of mutation {unknown}
 m - a potion of degeneration {unknown}
 n - a potion of might {unknown}
 o - a potion of attraction {unknown}
 p - a potion of magic {unknown}

Dungeon Overview and Level Annotations

Branches:
Dungeon (7/15)             Temple (1/1) D:4

Altars:
Ashenzari
Cheibriados
Elyvilon
Fedhas
Gozag
Kikubaaqudgha
Nemelex Xobeh
Okawaru
Qazlal
Sif Muna
Trog
Uskayaw
Xom
Yredelemnul
The Shining One

Annotations:
D:5 1 runed translucent door, Crazy Yiuf


Message History

You feel yourself slow down.
You shoot an arrow. The arrow barely misses the hornet.
The hornet closely misses you. The hornet barely misses you.
You shoot an arrow. The arrow hits the hornet.
The hornet is lightly wounded.
You feel yourself speed up. The hornet stings you!
You suddenly lose the ability to move!
The hornet barely misses you.
The hornet stings you but does no damage.
The hornet stings you. The hornet stings you.
You can move again.
You shoot an arrow.
The arrow hits the hornet but does no damage.
The hornet is lightly wounded.
The hornet completely misses you.
You shoot an arrow. The arrow misses the hornet.
The hornet stings you!
You are poisoned.
You feel yourself slow down. The hornet stings you.
You feel as though you will be slow longer.
5800 ||| INVOKING Heroism.
You gain the combat prowess of a mighty hero.
You feel very sick. The hornet misses you. The hornet stings you.
You feel as though you will be slow longer.
You shoot an arrow. The arrow hits the hornet!
The hornet is heavily wounded.
You feel very sick. The hornet misses you. You furiously retaliate!
You headbutt the hornet! The hornet stings you!
You feel as though you will be slow longer.
You shoot an arrow. The arrow hits the hornet!
The hornet is almost dead.
You feel sick. The hornet stings you!
5803 ||| READING 2 scrolls of teleportation.
As you read the scroll of teleportation, it crumbles to dust.
You feel strangely unstable.
You feel sick. The hornet stings you!
You die...

...##...##..##
.<.......#...# #
####+###....'...#
(.##.....##...##...#
.........#######...#
..................#
.............###'##
.####...#######..##
#y@.# #...#
.........# #^..#
...../...# #...#
.........# #...#
########## #####


You could see a hornet.

Vanquished Creatures
  Grinder (D:5)
  Eustachio (D:6)
  Edmund (D:5)
  A vampire mosquito (D:7)
  A water moccasin (D:7)
  2 black bears
  An ogre (D:5)
  A sky beast (D:7)
  A bullfrog (D:7)
  2 scorpions
  A howler monkey (D:7)
  2 hounds
  2 jellies
  2 orc priests (D:4)
  3 iguanas
  2 sleepcaps (D:5)
  3 adders
  7 gnolls
  3 white imps
  2 ufetubi
  4 worms
  2 dart slugs
  5 orcs
  6 bats
  6 endoplasms
  3 giant cockroaches
  4 goblins
  7 hobgoblins
  4 jackals (D:5)
  4 kobolds
  3 quokkas
  3 ball pythons
  3 rats
93 creatures vanquished.

Notes
Turn   | Place    | Note
-------+----------+-------------------------------------------
     0 | D:1      | qw the Minotaur Hunter began the quest for the Orb.
     0 | D:1      | Reached XP level 1. HP: 18/18 MP: 0/0
     0 | D:1      | 0 ||| qw: Version: 0.2-a-119-g7aa9181
     0 | D:1      | 0 ||| qw: Game counter: 2897
     0 | D:1      | 0 ||| qw: Always use a shield: true
     0 | D:1      | 0 ||| qw: God list: Okawaru
     0 | D:1      | 0 ||| qw: Allow faded altars: false
     0 | D:1      | 0 ||| qw: Do Orc after D:15 true
     0 | D:1      | 0 ||| qw: Do second Lair branch before Depths: true
     0 | D:1      | 0 ||| qw: Lair rune preference: random
     0 | D:1      | 0 ||| qw: Plans: Normal
     0 | D:1      | 0 ||| PLANNING D:1-11
    72 | D:1      | 72 ||| FLEEEEING.
    73 | D:1      | 73 ||| FLEEEEING.
    74 | D:1      | 74 ||| FLEEEEING.
   140 | D:1      | Reached XP level 2. HP: 25/25 MP: 1/1
   147 | D:1      | Reached skill level 5 in Ranged Weapons
   438 | D:1      | 438 ||| UPGRADING to +0 ring mail.
   448 | D:1      | 448 ||| DROPPING +0 leather armour.
   449 | D:1      | 449 ||| DROPPING scroll of butterflies.
   530 | D:2      | Reached skill level 1 in Armour
   585 | D:2      | Found a shimmering altar of Xom.
   642 | D:2      | Reached skill level 3 in Fighting
   745 | D:2      | Reached XP level 3. HP: 26/31 MP: 2/2
  1093 | D:2      | 1093 ||| UPGRADING to ring of protection from cold.
  1094 | D:2      | 1094 ||| READING scroll labelled AZAM NOBABIT.
  1095 | D:2      | 1095 ||| READING scroll labelled WUASICL MEYNE.
  1096 | D:2      | 1096 ||| READING scroll labelled POVIV OHIYMM.
  1099 | D:2      | 1099 ||| READING scroll labelled VASOEGGEAT.
  1100 | D:2      | 1100 ||| DRINKING 2 pink potions.
  1164 | D:3      | Identified the +5 ring mail of Leaves {-Tele Drain rElec
                  | rPois}
  1208 | D:3      | Found a blossoming altar of Fedhas.
  1431 | D:3      | Reached XP level 4. HP: 38/38 MP: 3/3
  1820 | D:3      | 1820 ||| UPGRADING to +1 robe of fire resistance.
  1830 | D:3      | 1830 ||| READING scroll labelled SIASAKHLIUS.
  1831 | D:3      | 1831 ||| READING 2 scrolls of identify.
  1831 | D:3      | 1831 ||| IDENTIFYING smoky ruby potion
  1832 | D:3      | 1832 ||| DROPPING potion of enlightenment.
  1882 | D:4      | Found a glowing golden altar of the Shining One.
  1895 | D:4      | Reached skill level 6 in Ranged Weapons
  1945 | D:4      | Reached XP level 5. HP: 46/46 MP: 4/4
  2301 | D:4      | Found a staircase to the Ecumenical Temple.
  2302 | D:4      | 2302 ||| PLANNING TEMPLE
  2350 | Temple   | Entered the Ecumenical Temple
  2410 | Temple   | 2410 ||| PLANNING OKAWARU WORSHIP
  2493 | Temple   | 2493 ||| READING scroll labelled XUTOOL TILIFFISM.
  2591 | Temple   | Became a worshipper of Warmaster Okawaru
  2591 | Temple   | 2591 ||| PLANNING D:1-11
  2890 | D:4      | 2890 ||| READING scroll labelled TEACAR POGHARR.
  2891 | D:4      | 2891 ||| READING 2 scrolls of identify.
  2891 | D:4      | 2891 ||| IDENTIFYING fizzy blue potion
  2893 | D:4      | 2893 ||| Stepping ~*~*~tactically~*~*~ (cloud).
  3008 | D:5      | Entered Level 5 of the Dungeon
  3180 | D:5      | Noticed an ogre
  3189 | D:5      | Killed an ogre
  3190 | D:5      | Reached skill level 7 in Ranged Weapons
  3190 | D:5      | Reached XP level 6. HP: 28/52 MP: 5/5
  3322 | D:5      | Found a hide-covered altar of Uskayaw.
  3389 | D:5      | Found a broken altar of Ashenzari.
  3568 | D:5      | Noticed Grinder
  3580 | D:5      | Killed Grinder
  3580 | D:5      | Reached * piety under Okawaru
  3581 | D:5      | Reached skill level 8 in Ranged Weapons
  3668 | D:5      | Reached XP level 7. HP: 59/59 MP: 6/6
  3677 | D:5      | Reached skill level 1 in Invocations
  3768 | D:5      | Reached skill level 3 in Dodging
  3876 | D:5      | Noticed Edmund
  3877 | D:5      | 3877 ||| INVOKING Heroism.
  3894 | D:5      | 3894 ||| INVOKING Heroism.
  3904 | D:5      | HP: 13/59 [Edmund/+3 flail of holy wrath (5)]
  3905 | D:5      | 3905 ||| READING 3 scrolls of teleportation.
  3905 | D:5      | HP: 1/59 [Edmund/+3 flail of holy wrath (12)]
  3906 | D:5      | 3906 ||| DRINKING 3 potions of heal wounds.
  3908 | D:5      | Killed Edmund
  4257 | D:5      | Found a runed translucent door.
  4258 | D:5      | Noticed Crazy Yiuf
  4399 | D:6      | 4399 ||| INVOKING Heroism.
  4551 | D:6      | 4551 ||| INVOKING Heroism.
  4560 | D:6      | Reached skill level 3 in Invocations
  4613 | D:6      | Found a snail-covered altar of Cheibriados.
  4784 | D:6      | Found an opulent altar of Gozag.
  4793 | D:6      | Reached XP level 8. HP: 51/68 MP: 9/9
  5014 | D:6      | 5014 ||| INVOKING Heroism.
  5019 | D:6      | Reached skill level 9 in Ranged Weapons
  5052 | D:6      | Noticed Eustachio
  5053 | D:6      | 5053 ||| INVOKING Heroism.
  5062 | D:6      | Killed Eustachio
  5199 | D:6      | 5199 ||| DROPPING +0 ring mail.
  5200 | D:6      | 5200 ||| UPGRADING to +1 leather armour of poison
                  | resistance.
  5222 | D:7      | 5222 ||| STAIRDANCE
  5264 | D:7      | 5264 ||| INVOKING Heroism.
  5273 | D:7      | Reached skill level 6 in Fighting
  5288 | D:7      | 5288 ||| INVOKING Heroism.
  5306 | D:7      | Reached skill level 10 in Ranged Weapons
  5524 | D:7      | Identified the +3 mace of Conscience {flame, Dex+4}
  5727 | D:7      | Reached ** piety under Okawaru
  5787 | D:7      | Noticed a hornet
  5795 | D:7      | Paralysed by a hornet for 3 turns
  5800 | D:7      | 5800 ||| INVOKING Heroism.
  5802 | D:7      | HP: 13/73 [hornet (13)]
  5803 | D:7      | 5803 ||| READING 2 scrolls of teleportation.
  5803 | D:7      | Slain by a hornet

Levels and vault maps discovered:
D:1:      eino_arrival_cavern_d, layout_rooms
D:2:      layout_loops_cross, basic_altar
D:3:      layout_basic, fedhas_altar_2
D:4:      layout_basic, nicolae_tso_swordbearing_angel,
          minmay_temple_entry_proselytizer, serial_aquarium,
          aquarium_bridge_straight [aquarium_subvault_bridge,
          aquarium_subvault_balcony, aquarium_subvault_bridge,
          aquarium_subvault_balcony], aquarium_window_1, aquarium_window_1,
          aquarium_window_fake, aquarium_window_corridor_1, aquarium_view_2c,
          aquarium_view_2b, aquarium_pool_double
D:5:      layout_loops_corners, old_standard_altar, evilmike_ruin_ashenzari,
          uniq_grinder, uniq_crazy_yiuf_cottage, uniq_edmund
D:6:      layout_loops_cross, kennysheep_little_box, cheibriados_altar_1,
          uniq_eustachio
D:7:      kennysheep_big_flooded_room, layout_gridville,
          nicolae_hepliaklqana_ecumenical_no_more
Temple:   hellmonk_temple_flake

Skill      XL: |  1  2  3  4  5  6  7  8 |
---------------+-------------------------+-----
Ranged Weapons | 5 6 7 8 10 | 10.0
Armour         | 1 |  1.0
Fighting       | 3 4 5 7 |  7.0
Invocations    | 3 4 |  4.2
Dodging        | 3 4 |  4.1
Stealth        | |  0.7

Action                     |  1- 3 |  4- 6 |  7- 9 || total
---------------------------+-------+-------+-------++-------
   Fire: Shortbow          |   111 |   103 |   203 ||   417
 Invoke: Heroism           |       |       |     9 ||     9
    Use: Scroll            |     4 |     5 |     2 ||    11
         Potion            |     1 |       |     1 ||     2
 Armour: Leather armour    |     1 |       |    11 ||    12
         Ring mail         |     7 |     1 |       ||     8
         Robe              |       |    15 |     6 ||    21
  Dodge: Dodged            |    19 |    37 |    67 ||   123

Table legend:
 A = Non-vault XP
 B = Vault XP
 C = Vault XP percentage of total XP
 D = Non-vault monster count
 E = Vault monster count
 F = Vault count percentage of total count
                 A         B        C        D         E       F
            +---------+---------+-------+---------+---------+-------
      Total |    1622 |     921 |  36.2 |      87 |       6 |   6.5
            +---------+---------+-------+---------+---------+-------
        D:1 |      24 |       0 |   0.0 |      13 |       0 |   0.0
        D:2 |      34 |       0 |   0.0 |      16 |       0 |   0.0
        D:3 |      48 |       0 |   0.0 |      12 |       0 |   0.0
        D:4 |     108 |      41 |  27.5 |      11 |       1 |   8.3
        D:5 |     368 |     464 |  55.8 |      13 |       2 |  13.3
        D:6 |     428 |     196 |  31.4 |      11 |       1 |   8.3
        D:7 |     612 |     220 |  26.4 |      11 |       2 |  15.4
            +---------+---------+-------+---------+---------+-------
